[Event "Saturday 13 January Rapid Engine Tour 12+1 Rounds 9 Starts 1600 ST"]
[Site "Infinity Chess"]
[Date "2018.1.13"]
[Round "9"]
[White "xeonrocks"]
[Black "Murx"]
[Result "1/2-1/2"]
[ECO "C55"]
[WhiteElo "2531"]
[BlackElo "2498"]
[WhiteEngine "asmFishW_bmi2.exe_CTG"]
[BlackEngine "BrainFish_171226_x64_modern"]
[EventType "Swiss"]
[WhiteTeam ""]
[BlackTeam ""]
[PlyCount "101"]
[TimeControl "720+1"]

1. e4 e5 2. Nf3 Nc6 3. Bc4 Nf6 4. d3 Bc5 5. O-O d6 6. c3 O-O 7. Nbd2 a5 
8. Re1 h6 9. h3 Be6 10. Bb5 Qb8 11. Nf1 Qa7 12. Re2 a4 13. Ng3 Qa5 14. Bxc6 bxc6 
15. Nh4 Rfe8 16. Re1 d5 17. exd5 cxd5 18. Rxe5 Bf8 19. Qc2 c5 20. Bd2 Nd7 
21. Re3 Rab8 22. c4 Qb6 23. cxd5 Bxd5 24. Bc3 Rxe3 25. fxe3 Qd8 26. Qxa4 c4 
27. Nhf5 Nc5 28. Qd1 cxd3 29. b4 Ne4 30. Nxe4 Bxe4 31. Qg4 Bxf5 32. Qxf5 Bxb4 
33. Bxb4 Rxb4 34. Rd1 Rb2 35. Qxd3 Qxd3 36. Rxd3 Rxa2 37. h4 Ra4 38. g3 Ra2 
39. Rd4 g6 40. Rf4 Re2 41. Rf3 Kf8 42. Kf1 Ra2 43. Rf2 Ra3 44. Ke2 Ra2+ 
45. Kf3 Rxf2+ 46. Kxf2 g5 47. e4 gxh4 48. gxh4 h5 49. Ke3 f6 50. Kf4 Kf7 51. Kf5 
1/2-1/2

[Event "Saturday 13 January Rapid Engine Tour 12+1 Rounds 9 Starts 1600 ST"]
[Site "Infinity Chess"]
[Date "2018.1.13"]
[Round "8"]
[White "hafaba"]
[Black "IronMan"]
[Result "1/2-1/2"]
[ECO "A00"]
[WhiteElo "2380"]
[BlackElo "2391"]
[WhiteEngine "Stockfish SL 07012018 POPCNT_CTG"]
[BlackEngine "Stockfish SL FA PB BMI2"]
[EventType "Swiss"]
[WhiteTeam ""]
[BlackTeam ""]
[PlyCount "105"]
[TimeControl "720+1"]

1. e3 e5 2. d4 exd4 3. exd4 d5 4. Nf3 Nf6 5. Bd3 Bd6 6. O-O O-O 7. Bg5 h6 
8. Bh4 c6 9. Nbd2 Bg4 10. c4 Bf4 11. h3 Be6 12. c5 Nbd7 13. Re1 b6 14. Qc2 Qc7 
15. Bxf6 Nxf6 16. b4 Rfb8 17. a3 a5 18. Nb3 axb4 19. axb4 Rxa1 20. Rxa1 Re8 
21. Re1 Rb8 22. Ra1 Re8 23. Re1 Rb8 24. Ne5 Bxe5 25. Rxe5 Ra8 26. Qc3 Nd7 
27. Re1 Ra3 28. Qb2 Ra4 29. Qc3 Ra3 30. Bc2 Nf8 31. Qb2 Ra8 32. Nd2 Qa7 
33. Nf3 Qa2 34. Qc1 Nd7 35. Qd2 Ra3 36. Re2 Qa1+ 37. Kh2 bxc5 38. bxc5 Rxf3 
39. gxf3 Qf1 40. Rxe6 fxe6 41. f4 Nf8 42. Qe3 Qa1 43. h4 Qb2 44. Ba4 Qb7 
45. h5 Qf7 46. Bd1 Qf6 47. Kg1 Qf5 48. Kg2 Nd7 49. Qh3 Qe4+ 50. Bf3 Qf5 
51. Bd1 Qe4+ 52. Bf3 Qf5 53. Bd1 1/2-1/2

[Event "Saturday 13 January Rapid Engine Tour 12+1 Rounds 9 Starts 1600 ST"]
[Site "Infinity Chess"]
[Date "2018.1.13"]
[Round "8"]
[White "Satria_Ungu"]
[Black "Thor"]
[Result "1/2-1/2"]
[ECO "E10"]
[WhiteElo "2394"]
[BlackElo "2472"]
[WhiteEngine "Houdini 6_CTG"]
[BlackEngine "asmFishW_2017-11-19_bmi2"]
[EventType "Swiss"]
[WhiteTeam ""]
[BlackTeam ""]
[PlyCount "107"]
[TimeControl "720+1"]

1. d4 Nf6 2. c4 e6 3. Nf3 d5 4. Nc3 c6 5. Bg5 h6 6. Bxf6 Qxf6 7. e3 Nd7 
8. Qb3 g6 9. Bd3 Bg7 10. O-O O-O 11. a4 dxc4 12. Bxc4 Qe7 13. a5 Rb8 
14. Rfd1 Rd8 15. h3 b5 16. axb6 axb6 17. Ba6 Bxa6 18. Rxa6 c5 19. Ra7 Qe8 
20. Qb5 cxd4 21. Nxd4 Ne5 22. Qxe8+ Rxe8 23. Ncb5 Red8 24. Rc7 Rdc8 
25. Rxc8+ Rxc8 26. f4 Nc4 27. Rc1 e5 28. fxe5 Bxe5 29. Kf2 Kg7 30. Rc2 Nd6 
31. Rxc8 Nxc8 32. Ke2 Bxd4 33. exd4 f5 34. Kd3 Kf6 35. Kc4 Ke6 36. Nc7+ Kd7 
37. Nd5 Kd6 38. Nc3 g5 39. b4 Na7 40. g3 Ke6 41. Kd3 Nc8 42. Na4 h5 43. b5 g4 
44. hxg4 fxg4 45. Ke3 Kf5 46. Kd3 Ke6 47. Ke3 Nd6 48. Nxb6 Nxb5 49. d5+ Kd6 
50. Kd3 Kc5 51. Nd7+ Kxd5 52. Nf6+ Ke6 53. Nxh5 Kf5 54. Ke3 1/2-1/2

[Event "Saturday 13 January Rapid Engine Tour 12+1 Rounds 9 Starts 1600 ST"]
[Site "Infinity Chess"]
[Date "2018.1.13"]
[Round "8"]
[White "miguello"]
[Black "KillBill2017"]
[Result "1/2-1/2"]
[ECO "A30"]
[WhiteElo "2417"]
[BlackElo "2376"]
[WhiteEngine "asmFishW_2017-11-19_popcnt_CTG"]
[BlackEngine "asmFishW_2018-01-12_popcnt_CTG"]
[EventType "Swiss"]
[WhiteTeam ""]
[BlackTeam ""]
[PlyCount "177"]
[TimeControl "720+1"]

1. c4 c5 2. Nf3 e6 3. Nc3 Nc6 4. g3 d5 5. cxd5 exd5 6. d4 Nf6 7. Bg2 Be7 
8. O-O O-O 9. Bg5 c4 10. Ne5 Be6 11. Nxc6 bxc6 12. b3 cxb3 13. axb3 Bf5 
14. e3 Re8 15. Na4 Qd6 16. Nc5 h6 17. Bxf6 Qxf6 18. Na6 Rac8 19. b4 Qg6 
20. Bf3 Bd6 21. Ra5 Re7 22. Nc5 Bxc5 23. Rxc5 Rb8 24. Qa4 Bd3 25. Rfc1 Bb5 
26. Qd1 Re6 27. Rb1 Rf6 28. Rb2 a6 29. Be2 Qf5 30. Bxb5 Rxb5 31. Qc2 Qd7 
32. Kg2 Qb7 33. Qc3 Kh7 34. Qd2 g6 35. Rc1 Qe7 36. h3 Kg7 37. Ra1 Qe4+ 
38. Kg1 Rb6 39. Qc2 Qf3 40. Kh2 h5 41. Qc5 Rb5 42. Qc2 h4 43. g4 Rb6 44. Qd2 Qe4 
45. Qc2 Qf3 46. Qc5 Rb5 47. Qc3 Rb6 48. Rg1 Qe4 49. Ra1 Qf3 50. Rc1 Re6 
51. Ra1 Re7 52. Qc2 Re8 53. Qd2 Re6 54. Rc2 Re8 55. Rb2 Reb8 56. Qe2 Qxe2 
57. Rxe2 Rxb4 58. Rxa6 Rc4 59. Raa2 g5 60. Kg2 Rc1 61. Rac2 Rbb1 62. Rxc1 Rxc1 
63. Rb2 Rc3 64. Rd2 Kf6 65. Rb2 c5 66. Rb6+ Ke7 67. Rb7+ Kf6 68. Rb6+ Ke7 
69. Rb5 cxd4 70. Rxd5 dxe3 71. Rxg5 exf2 72. Rf5 f6 73. Rxf2 Rg3+ 74. Kh2 Ke6 
75. Rf5 Kf7 76. Rf1 Ke6 77. Rf5 Rd3 78. Kg2 Rd2+ 79. Kf1 Rd1+ 80. Ke2 Rh1 
81. Kf3 Rxh3+ 82. Ke4 Rh1 83. Rh5 h3 84. Kf4 h2 85. Kf3 f5 86. gxf5+ Ke5 
87. f6+ Ke6 88. Kg3 Ra1 89. f7 1/2-1/2

[Event "Saturday 13 January Rapid Engine Tour 12+1 Rounds 9 Starts 1600 ST"]
[Site "Infinity Chess"]
[Date "2018.1.13"]
[Round "8"]
[White "OlivierEvan"]
[Black "SkyPilot"]
[Result "1/2-1/2"]
[ECO "A22"]
[WhiteElo "2384"]
[BlackElo "2417"]
[WhiteEngine "Houdini 6"]
[BlackEngine "stockfish_x64_bmi2_2018_01_01_CTG"]
[EventType "Swiss"]
[WhiteTeam ""]
[BlackTeam ""]
[PlyCount "105"]
[TimeControl "720+1"]

1. c4 e5 2. Nc3 Nf6 3. Nf3 Nc6 4. g3 d5 5. cxd5 Nxd5 6. Bg2 Nb6 7. O-O Be7 
8. d3 O-O 9. a3 Be6 10. b4 a5 11. b5 Nd4 12. Nd2 c6 13. bxc6 Nxc6 14. Rb1 a4 
15. Nf3 Bb3 16. Rxb3 axb3 17. Qxb3 Ra6 18. h4 Nd4 19. Nxd4 exd4 20. Na2 Ra7 
21. Nb4 Bc5 22. Bd2 Qe8 23. Bf3 Qa4 24. Qxa4 Nxa4 25. Rc1 Rc8 26. Bg4 Rd8 
27. Kg2 Kf8 28. Bf3 Be7 29. Rc7 Bd6 30. Rc4 Nc5 31. Nc2 Nb3 32. Be1 b5 
33. Rc6 Rc7 34. Rxc7 Bxc7 35. Bc6 Ba5 36. Bxa5 Nxa5 37. Bxb5 Ke7 38. g4 f6 
39. Kg3 Nb3 40. Bc4 Na5 41. Bb5 Nb3 42. Bc4 Nc5 43. Kf3 g6 44. Kf4 Na4 
45. Kf3 Nc3 46. Bb3 Rd6 47. Bc4 Rd8 48. Bb3 f5 49. g5 Nb1 50. Kf4 Nc3 
51. Kf3 Nb5 52. Kf4 Nc3 53. Kf3 1/2-1/2

[Event "Saturday 13 January Rapid Engine Tour 12+1 Rounds 9 Starts 1600 ST"]
[Site "Infinity Chess"]
[Date "2018.1.13"]
[Round "8"]
[White "NINJA_JENGKA"]
[Black "ocirema"]
[Result "1/2-1/2"]
[ECO "A05"]
[WhiteElo "2417"]
[BlackElo "2417"]
[WhiteEngine "Houdini 6_CTG"]
[BlackEngine "stockfish_18010422_x64_modern_CTG"]
[EventType "Swiss"]
[WhiteTeam ""]
[BlackTeam ""]
[PlyCount "132"]
[TimeControl "720+1"]

1. Nf3 Nf6 2. d4 d5 3. c4 e6 4. Nc3 Be7 5. Bf4 O-O 6. Rc1 dxc4 7. e4 Bb4 
8. e5 Nd5 9. Bg5 Nxc3 10. bxc3 Be7 11. Bxe7 Qxe7 12. Bxc4 c5 13. O-O Bd7 
14. Bd3 Rd8 15. h4 Na6 16. Be4 Be8 17. Qb3 Rab8 18. Rfe1 cxd4 19. cxd4 Nb4 
20. a3 Nd5 21. g3 a5 22. Bb1 b5 23. Rc5 g6 24. Be4 b4 25. axb4 axb4 
26. Bxd5 Rxd5 27. Rxd5 exd5 28. e6 fxe6 29. Rb1 Qf8 30. Rb2 Qf5 31. Ne5 g5 
32. hxg5 Qxg5 33. Qc2 Bg6 34. Qc6 Be4 35. Qxe6+ Kg7 36. Qd7+ Kg8 37. Qc6 Rf8 
38. Rxb4 Qh5 39. f3 Bxf3 40. Qe6+ Kh8 41. Nxf3 Qxf3 42. Qe5+ Kg8 43. Rb1 Qf2+ 
44. Kh1 Qf3+ 45. Kh2 h6 46. Rb2 Qf7 47. Re2 Qf3 48. Re1 Rf7 49. Qe3 Qh5+ 
50. Kg1 Kh7 51. Rf1 Rxf1+ 52. Kxf1 Qf7+ 53. Kg2 Qf5 54. Qe2 h5 55. Qf3 Qc2+ 
56. Kh3 Qg6 57. Qxd5 Qg4+ 58. Kg2 Qe2+ 59. Kh1 Qe1+ 60. Kh2 Qe2+ 61. Qg2 Qg4 
62. d5 h4 63. d6 hxg3+ 64. Qxg3 Qe2+ 65. Kg1 Qd1+ 66. Kf2 Qd2+ 1/2-1/2

[Event "Saturday 13 January Rapid Engine Tour 12+1 Rounds 9 Starts 1600 ST"]
[Site "Infinity Chess"]
[Date "2018.1.13"]
[Round "8"]
[White "KULLANI"]
[Black "Dovahkiin"]
[Result "1/2-1/2"]
[ECO "B03"]
[WhiteElo "2434"]
[BlackElo "2428"]
[WhiteEngine "BrainFish_180106_x64_CTG"]
[BlackEngine "BrainFish_180106_x64_modern_CTG"]
[EventType "Swiss"]
[WhiteTeam ""]
[BlackTeam ""]
[PlyCount "128"]
[TimeControl "720+1"]

1. e4 Nf6 2. e5 Nd5 3. d4 d6 4. c4 Nb6 5. f4 dxe5 6. fxe5 Bf5 7. Nc3 e6 
8. Nf3 Nc6 9. Be3 Be7 10. Be2 O-O 11. O-O f6 12. exf6 Bxf6 13. Qd2 Qe8 
14. Bg5 Rd8 15. Bxf6 Rxf6 16. c5 Nd5 17. Nxd5 exd5 18. b4 a6 19. Rae1 Be4 
20. Ng5 Qe7 21. h4 h6 22. Rxf6 Qxf6 23. Nxe4 dxe4 24. Bc4+ Kh8 25. Rxe4 Nxd4 
26. Qe3 Nf5 27. Qf4 Rd4 28. Re8+ Kh7 29. Qf1 g6 30. h5 Rh4 31. hxg6+ Qxg6 
32. Re7+ Kh8 33. Qa1+ Nd4 34. Qf1 Nf5 35. Qa1+ Nd4 36. Bd5 Qh5 37. g3 Rg4 
38. Bg2 Qg5 39. Re8+ Kg7 40. Qf1 Rxg3 41. Qf8+ Kg6 42. Qg8+ Kh5 43. Qf7+ Qg6 
44. Re5+ Rg5 45. Rxg5+ hxg5 46. Qxg6+ Kxg6 47. Bxb7 Kf6 48. Bxa6 Nc2 49. b5 Ke5 
50. a4 Nb4 51. Bc8 c6 52. b6 Kd5 53. a5 Kxc5 54. b7 Na6 55. Bg4 Nb8 56. Be2 Kd6 
57. a6 Kc7 58. Kh1 Nd7 59. Kg2 Kb8 60. Kf3 Ka7 61. Ke3 Nc5 62. Kd4 Nxb7 
63. axb7 Kxb7 64. Ke5 g4 1/2-1/2

[Event "Saturday 13 January Rapid Engine Tour 12+1 Rounds 9 Starts 1600 ST"]
[Site "Infinity Chess"]
[Date "2018.1.13"]
[Round "8"]
[White "RonWeasley"]
[Black "Marsell"]
[Result "1/2-1/2"]
[ECO "C55"]
[WhiteElo "2439"]
[BlackElo "2481"]
[WhiteEngine "BrainFish 060118_CTG"]
[BlackEngine "asmFishW_2018-01-11_popcnt"]
[EventType "Swiss"]
[WhiteTeam ""]
[BlackTeam ""]
[PlyCount "41"]
[TimeControl "720+1"]

1. e4 e5 2. Nf3 Nc6 3. Bc4 Nf6 4. d3 Bc5 5. c3 d6 6. Bb3 a6 7. Nbd2 O-O 
8. h3 Re8 9. O-O h6 10. Re1 Ba7 11. a4 Be6 12. Bxe6 Rxe6 13. b4 d5 14. exd5 Nxd5 
15. Ne4 Qd7 16. Bd2 Rd8 17. Qb1 Rg6 18. Kh2 Re6 19. Kg1 Rg6 20. Kh2 Re6 21. Kg1 
1/2-1/2

[Event "Saturday 13 January Rapid Engine Tour 12+1 Rounds 9 Starts 1600 ST"]
[Site "Infinity Chess"]
[Date "2018.1.13"]
[Round "8"]
[White "THE_MACHINE"]
[Black "Susanne"]
[Result "1/2-1/2"]
[ECO "B32"]
[WhiteElo "2478"]
[BlackElo "2478"]
[WhiteEngine "Houdini 6"]
[BlackEngine "asmFishW_10_bmi2_CTG"]
[EventType "Swiss"]
[WhiteTeam ""]
[BlackTeam ""]
[PlyCount "121"]
[TimeControl "720+1"]

1. e4 c5 2. Nf3 Nc6 3. d4 cxd4 4. Nxd4 e5 5. Nb5 d6 6. c4 Nf6 7. N5c3 a6 
8. Be2 Be6 9. Be3 g6 10. Nd5 Bxd5 11. cxd5 Nd4 12. Nd2 Bg7 13. O-O O-O 
14. Bd3 Rc8 15. Bg5 Qd7 16. Nb3 Nxb3 17. axb3 Ne8 18. Ra4 f5 19. exf5 gxf5 
20. f3 Nf6 21. Rh4 Kh8 22. Be3 Rf7 23. Bf2 Rg8 24. Kh1 Bf8 25. Qb1 Rg5 
26. Rd1 b5 27. Bf1 Qb7 28. Qd3 Be7 29. g3 Rgg7 30. b4 Qc8 31. Qc3 Qa8 
32. Qc6 Rg8 33. Rh3 Rc8 34. Qxa8 Rxa8 35. Be1 Rc8 36. Bc3 Bd8 37. Ra1 Nxd5 
38. Rxa6 Nxc3 39. bxc3 e4 40. Bxb5 Rxc3 41. Ra8 Rc1+ 42. Kg2 Rc2+ 43. Kf1 Rf8 
44. Ra7 Bc7 45. Ke1 d5 46. Kd1 Rc3 47. fxe4 fxe4 48. Rh5 d4 49. Rc5 Bd6 
50. Rxc3 dxc3 51. Rd7 Rf6 52. Kc2 Be5 53. Re7 Rf2+ 54. Kc1 Bd6 55. Re8+ Kg7 
56. Rxe4 Rxh2 57. Be2 Bxb4 58. Rxb4 Rxe2 59. Rc4 c2 60. Rxc2 Rxc2+ 61. Kxc2 
1/2-1/2

[Event "Saturday 13 January Rapid Engine Tour 12+1 Rounds 9 Starts 1600 ST"]
[Site "Infinity Chess"]
[Date "2018.1.13"]
[Round "8"]
[White "Murx"]
[Black "Cepri"]
[Result "1-0"]
[ECO "D35"]
[WhiteElo "2483"]
[BlackElo "2454"]
[WhiteEngine "BrainFish_171226_x64_modern"]
[BlackEngine "asmFishW_12J18Mb_CTG"]
[EventType "Swiss"]
[WhiteTeam ""]
[BlackTeam ""]
[PlyCount "279"]
[TimeControl "720+1"]

1. d4 d5 2. c4 e6 3. Nc3 Nf6 4. cxd5 exd5 5. Bg5 c6 6. e3 h6 7. Bh4 Be7 
8. Qc2 O-O 9. Bd3 Re8 10. Nge2 Nbd7 11. O-O Ne4 12. Bxe7 Qxe7 13. Bxe4 dxe4 
14. a3 Nf6 15. Rfc1 b6 16. b4 Bd7 17. Qb2 Rac8 18. a4 Nd5 19. Rab1 Red8 
20. a5 Bg4 21. axb6 axb6 22. h3 Bd7 23. Qc2 Nxb4 24. Qxe4 Qf8 25. Na4 Rb8 
26. Rb2 Rdc8 27. Rcb1 Re8 28. Qh4 Nd5 29. Ng3 b5 30. Nc5 Be6 31. Nh5 Nc3 
32. Rc1 Na4 33. Nxe6 Rxe6 34. Rbb1 Nb6 35. Nf4 Rf6 36. Ra1 Nc4 37. Nd3 Ra8 
38. Nc5 Rg6 39. Rxa8 Qxa8 40. Qe7 Qc8 41. Kh2 Rf6 42. Rc2 Nb6 43. Qa7 Nd5 
44. Nd3 Re6 45. Ra2 f6 46. Qc5 Qe8 47. Ra6 Kh7 48. Qc2 Qg6 49. Qd1 Qe8 
50. Qc2 Qg6 51. Qd1 Qe8 52. Qe2 Qb8+ 53. Kg1 Qe8 54. Nc5 Re7 55. Qd3+ Kh8 
56. Qa3 Kh7 57. Ra8 Qg6 58. Rc8 Qb1+ 59. Kh2 Qf5 60. Qd3 Qxd3 61. Nxd3 Rc7 
62. Ra8 Nb6 63. Ra5 Kg6 64. Kg3 Kf7 65. Kf3 Na4 66. Nb4 Ke6 67. e4 Kd6 
68. Kf4 Nc3 69. Ra6 Kd7 70. Nd3 Na4 71. Kf5 Nc3 72. Nc5+ Ke7 73. Kf4 Nd1 
74. Kf3 h5 75. Ke2 Nb2 76. Kd2 Kd6 77. f4 Re7 78. h4 Nc4+ 79. Kc3 Ne3 
80. Ra2 Ng4 81. Kd3 Rf7 82. Ra8 Re7 83. f5 Ne5+ 84. Ke2 Nc4 85. Ne6 Nb6 
86. Ra6 Nc4 87. d5 Ne5 88. Ke3 Re8 89. dxc6 Nxc6 90. Nxg7 Rh8 91. Ne6 b4 
92. Nd4 Rc8 93. g4 hxg4 94. h5 g3 95. h6 b3 96. Nxb3 g2 97. Kf2 Rg8 98. Kg1 Kc7 
99. h7 Rh8 100. Kxg2 Kb7 101. Ra1 Rxh7 102. Na5+ Nxa5 103. Rxa5 Rh8 104. Kg3 Kb6 
105. Ra2 Re8 106. Kf4 Re7 107. Rg2 Kc5 108. e5 Rxe5 109. Rg6 Re1 110. Rxf6 Rf1+ 
111. Kg5 Rg1+ 112. Kh6 Rf1 113. Kg6 Rg1+ 114. Kf7 Rf1 115. Ke7 Kb5 116. Rf8 Kc6 
117. f6 Re1+ 118. Kf7 Kd7 119. Rg8 Re4 120. Rg6 Kd6 121. Kg8 Rf4 122. f7+ Ke7 
123. Rg7 Kd6 124. f8=Q+ Rxf8+ 125. Kxf8 Kd5 126. Kf7 Ke5 127. Rg4 Kf5 
128. Rh4 Ke5 129. Ke7 Kf5 130. Kd6 Kg5 131. Re4 Kf5 132. Rb4 Kg6 133. Ke6 Kg5 
134. Rc4 Kg6 135. Rg4+ Kh5 136. Kf5 Kh6 137. Kf6 Kh7 138. Rg1 Kh8 139. Kf7 Kh7 
140. Rh1# 1-0

[Event "Saturday 13 January Rapid Engine Tour 12+1 Rounds 9 Starts 1600 ST"]
[Site "Infinity Chess"]
[Date "2018.1.13"]
[Round "8"]
[White "Vimtiroba"]
[Black "fati64"]
[Result "1/2-1/2"]
[ECO "D31"]
[WhiteElo "2463"]
[BlackElo "2490"]
[WhiteEngine "SF@130118_CTG"]
[BlackEngine "BrainFish_180106_x64"]
[EventType "Swiss"]
[WhiteTeam ""]
[BlackTeam ""]
[PlyCount "62"]
[TimeControl "720+1"]

1. d4 d5 2. c4 e6 3. Nc3 c6 4. e4 dxe4 5. Nxe4 Bb4+ 6. Bd2 Qxd4 7. Bxb4 Qxe4+ 
8. Be2 Na6 9. Bd6 Qxg2 10. Qd2 e5 11. Bxe5 Bf5 12. Bf3 Qg6 13. O-O-O f6 
14. Bc3 Qh6 15. Ne2 Rd8 16. Nd4 Bh3 17. Rhe1+ Kf7 18. Re3 Ne7 19. Ba5 Rd7 
20. Qe2 Qf4 21. Rd2 Re8 22. Bd5+ cxd5 23. Qh5+ Ng6 24. Qxh3 Ree7 25. Nf5 Rxe3 
26. fxe3 Qxc4+ 27. Rc2 Qxa2 28. Nh6+ Ke7 29. Nf5+ Kf7 30. Nh6+ Ke7 31. Nf5+ Kf7 
1/2-1/2

[Event "Saturday 13 January Rapid Engine Tour 12+1 Rounds 9 Starts 1600 ST"]
[Site "Infinity Chess"]
[Date "2018.1.13"]
[Round "8"]
[White "CrossingJordan"]
[Black "Gilgamesch"]
[Result "1/2-1/2"]
[ECO "C50"]
[WhiteElo "2439"]
[BlackElo "2493"]
[WhiteEngine "asmFishW_2017-12-20_bmi2_CTG"]
[BlackEngine "BrainFish_171005_x64_bmi2"]
[EventType "Swiss"]
[WhiteTeam ""]
[BlackTeam ""]
[PlyCount "157"]
[TimeControl "720+1"]

1. e4 e5 2. Nf3 Nc6 3. Bc4 Bc5 4. O-O Nf6 5. d3 d6 6. c3 O-O 7. Nbd2 a5 
8. Re1 Ba7 9. h3 h6 10. Nf1 Be6 11. Bb5 Ne7 12. Ng3 c6 13. Ba4 b5 14. Bc2 a4 
15. d4 Ng6 16. b3 axb3 17. axb3 Qc7 18. Be3 Rfb8 19. Qd2 Bb6 20. Nf5 Rxa1 
21. Rxa1 Bxf5 22. exf5 Nf8 23. Bxh6 gxh6 24. Qxh6 Qe7 25. Qg5+ Kh8 26. Qh4+ Kg8 
27. Re1 Bc7 28. Qg5+ Kh8 29. Qh6+ N8h7 30. Ng5 Qf8 31. Qh4 Qg8 32. Nxh7 Nxh7 
33. f6 Bd8 34. dxe5 dxe5 35. Qh6 Ra8 36. Re2 Bxf6 37. Bxh7 Qg7 38. Qxg7+ Kxg7 
39. Be4 Ra1+ 40. Kh2 Rc1 41. Re3 c5 42. g3 Bg5 43. Rd3 Re1 44. Bc6 Re2 
45. Kg2 Rd2 46. Bxb5 e4 47. Rxd2 Bxd2 48. c4 f5 49. h4 Kf6 50. Bd7 Ke5 
51. f4+ exf3+ 52. Kxf3 Kf6 53. Ba4 Ke5 54. Bb5 Kf6 55. Ba4 Kf7 56. Ke2 Bc1 
57. Kd3 Ke7 58. b4 cxb4 59. c5 Bb2 60. Kc4 Be5 61. Kxb4 Bxg3 62. h5 f4 
63. Bd1 f3 64. Bxf3 Kf6 65. Bd1 Kg5 66. c6 Be1+ 67. Kc5 Ba5 68. Be2 Bc7 
69. Bf3 Bg3 70. Bd1 Bf2+ 71. Kb4 Be1+ 72. Kb3 Bg3 73. Be2 Bh2 74. Bf3 Kh6 
75. Be2 Bg3 76. Bd1 Bh2 77. Bf3 Bg3 78. Kc2 Bh2 79. Kd3 1/2-1/2

[Event "Saturday 13 January Rapid Engine Tour 12+1 Rounds 9 Starts 1600 ST"]
[Site "Infinity Chess"]
[Date "2018.1.13"]
[Round "8"]
[White "MarioDeMonti"]
[Black "angriff"]
[Result "1/2-1/2"]
[ECO "B00"]
[WhiteElo "2444"]
[BlackElo "2454"]
[WhiteEngine "stockfish_x64_bmi2_2018_01_01_CTG"]
[BlackEngine "SF_64BIT_POPCNT_CTG"]
[EventType "Swiss"]
[WhiteTeam ""]
[BlackTeam ""]
[PlyCount "196"]
[TimeControl "720+1"]

1. e4 Nc6 2. d4 d5 3. e5 Bf5 4. c3 e6 5. Nd2 f6 6. f4 g5 7. Qh5+ Bg6 8. Qh3 Qd7 
9. Ngf3 gxf4 10. Bb5 O-O-O 11. O-O a6 12. Bxc6 Qxc6 13. Nb3 Bd3 14. Rf2 Bf5 
15. Qh4 Be7 16. Qh5 fxe5 17. dxe5 Qe8 18. Qxe8 Rxe8 19. Bxf4 c5 20. a4 Kd7 
21. Na5 Rb8 22. Rd1 h5 23. h3 Nh6 24. c4 d4 25. b4 b6 26. Nb3 a5 27. Nfxd4 cxd4 
28. Nxd4 Kc8 29. bxa5 bxa5 30. Be3 Rb1 31. Rxb1 Bxb1 32. Rb2 Be4 33. Nxe6 Nf5 
34. Ba7 Kd7 35. Nc5+ Bxc5+ 36. Bxc5 h4 37. Rb6 Re8 38. e6+ Kc7 39. Kh2 Bd3 
40. Bf2 Bxc4 41. Rb1 Rxe6 42. Be1 Re2 43. Bxa5+ Kd6 44. Rd1+ Bd5 45. Bb4+ Kc6 
46. Rd2 Re4 47. Rf2 Ng3 48. Bd2 Rxa4 49. Bg5 Nh5 50. Bf6 Rc4 51. Be7 Rd4 
52. Bd8 Re4 53. Bg5 Kd6 54. Rc2 Ke6 55. Rf2 Ra4 56. Re2+ Kf7 57. Re5 Be6 
58. Re2 Rd4 59. Re3 Bf5 60. Re2 Rc4 61. Re1 Kg6 62. Be7 Ng7 63. Bf8 Nh5 
64. Be7 Rd4 65. Re5 Ra4 66. Re3 Rf4 67. Re2 Ng7 68. Bd6 Rd4 69. Bc5 Rc4 
70. Bf8 Nh5 71. Be7 Ng3 72. Ra2 Nh5 73. Ra6+ Kf7 74. Ra7 Ke6 75. Bd8 Be4 
76. Ra2 Bc6 77. Rf2 Kd6 78. Re2 Ng7 79. Rf2 Bd5 80. Bf6 Nh5 81. Bd8 Ng7 
82. Bf6 Nh5 83. Bg5 Re4 84. Bd8 Ng7 85. Bf6 Nh5 86. Bg5 Ra4 87. Bd8 Ng7 
88. Bf6 Nh5 89. Bd8 Rc4 90. Bg5 Bc6 91. Rd2+ Ke6 92. Rf2 Re4 93. Bc1 Ng7 
94. Bb2 Ne8 95. Rc2 Bd5 96. Bh8 Bb7 97. Bb2 Nd6 98. Bh8 Nc4 1/2-1/2

[Event "Saturday 13 January Rapid Engine Tour 12+1 Rounds 9 Starts 1600 ST"]
[Site "Infinity Chess"]
[Date "2018.1.13"]
[Round "8"]
[White "Neoxium"]
[Black "Deep_Impact"]
[Result "1/2-1/2"]
[ECO "A20"]
[WhiteElo "2464"]
[BlackElo "2490"]
[WhiteEngine "SF SL FA-IDeA"]
[BlackEngine "BrainFish_171226_x64_modern"]
[EventType "Swiss"]
[WhiteTeam ""]
[BlackTeam ""]
[PlyCount "39"]
[TimeControl "720+1"]

1. c4 e5 2. g3 Bc5 3. Nc3 Nf6 4. Bg2 O-O 5. Nf3 Nc6 6. Nxe5 Bxf2+ 7. Kxf2 Nxe5 
8. Qb3 Qe7 9. Rd1 Nd3+ 10. Kg1 Nxc1 11. Rdxc1 d6 12. Rf1 c6 13. Qa3 Be6 
14. b3 a6 15. Rf4 Rad8 16. Raf1 Nh5 17. R4f2 Nf6 18. Rf4 Nh5 19. R4f3 Nf6 
20. Rf4 1/2-1/2

[Event "Saturday 13 January Rapid Engine Tour 12+1 Rounds 9 Starts 1600 ST"]
[Site "Infinity Chess"]
[Date "2018.1.13"]
[Round "8"]
[White "aleks"]
[Black "xeonrocks"]
[Result "1/2-1/2"]
[ECO "C55"]
[WhiteElo "2409"]
[BlackElo "2536"]
[WhiteEngine "komodo-11.2.2-64bit_CTG"]
[BlackEngine "asmFishW_bmi2.exe_CTG"]
[EventType "Swiss"]
[WhiteTeam ""]
[BlackTeam ""]
[PlyCount "261"]
[TimeControl "720+1"]

1. e4 e5 2. Nf3 Nc6 3. Bc4 Nf6 4. d3 Bc5 5. c3 d6 6. O-O a5 7. a4 O-O 8. Bg5 h6 
9. Bh4 g5 10. Bg3 Kg7 11. Na3 Ne7 12. Nc2 Bb6 13. Re1 Ng6 14. d4 Nxe4 
15. Rxe4 f5 16. Re1 f4 17. Bd3 fxg3 18. fxg3 g4 19. Nd2 Qg5 20. Nc4 Ba7 
21. Kh1 Be6 22. N2a3 h5 23. Nb5 Bxc4 24. Bxc4 Bb6 25. Bd3 Rae8 26. b4 exd4 
27. bxa5 Bxa5 28. Nxd4 Ne5 29. Qc2 Nxd3 30. Qxd3 Qg6 31. Qc4 Rf6 32. Rf1 Qe4 
33. Rad1 Re5 34. Qb3 Bb6 35. Rc1 Qd5 36. Qc2 Rf7 37. Qb1 Bxd4 38. cxd4 Ree7 
39. Qb2 Kf8 40. Rg1 Ke8 41. a5 Kf8 42. Ra1 Kg7 43. a6 bxa6 44. Rxa6 Re4 
45. Qc1 Re6 46. Rc6 Ree7 47. Rc4 Kg6 48. Qc2+ Qf5 49. Qc1 Qd3 50. Rd1 Qe4 
51. d5 Qe5 52. Qb1+ Kh6 53. Qc1+ Kg6 54. Qb1+ Kg5 55. Qc1+ Qe3 56. Qa1 Kh6 
57. Rg1 Qe5 58. Qc1+ Qe3 59. Qb1 Qe5 60. Qc1+ Qe3 61. Qb1 Kg7 62. Qd1 Rf5 
63. Qb1 Rf2 64. Qb8 Qb6 65. Qa8 Rff7 66. Qa1+ Kh7 67. Rf4 Qb5 68. Qd4 Qe2 
69. Rf6 Rxf6 70. Qxf6 Qe5 71. Qf8 Qg7 72. Qf5+ Qg6 73. Qf1 Qe4 74. Qb5 Kh6 
75. Qc6 Qd3 76. Qa8 Kh7 77. Qf8 Rg7 78. Qa8 Re7 79. Qf8 Rd7 80. Qe8 Qf5 
81. Qa8 Rf7 82. Qc6 Kg7 83. Qc3+ Kg6 84. Qh8 Qe5 85. Qa8 Kg7 86. Qc6 Qe4 
87. Qc3+ Kg6 88. Qh8 Rg7 89. Qa8 Qf5 90. Re1 Kh7 91. Qc6 Qd3 92. Rg1 Rf7 
93. Qb7 Rd7 94. Qa8 Rf7 95. Qb7 Qf5 96. Qa8 Qe4 97. Qc6 Re7 98. Qa8 Rf7 
99. Qc6 Rg7 100. Rf1 Re7 101. Qa8 Qd3 102. Kg1 Qd4+ 103. Kh1 Qf6 104. Kg1 Qd4+ 
105. Kh1 Qd3 106. Kg1 Qe3+ 107. Kh1 Qe4 108. Qf8 Rg7 109. Rd1 Qe5 110. Qf2 Re7 
111. Qc2+ Kg7 112. Qd2 Qf5 113. Kg1 Kg6 114. Rf1 Qe4 115. Kh1 Re5 116. Qc1 Qxd5 
117. Qxc7 Re2 118. Rg1 Rf2 119. Qd7 Rf7 120. Qe8 Kh7 121. Re1 Qc4 122. h4 gxh3 
123. gxh3 Rf1+ 124. Kg2 Rxe1 125. Qxe1 Qc6+ 126. Kg1 Qc5+ 127. Qf2 Qxf2+ 
128. Kxf2 Kg7 129. Kf3 Kf7 130. Ke3 Ke7 131. g4 1/2-1/2

[Event "Saturday 13 January Rapid Engine Tour 12+1 Rounds 9 Starts 1600 ST"]
[Site "Infinity Chess"]
[Date "2018.1.13"]
[Round "7"]
[White "OlivierEvan"]
[Black "IronMan"]
[Result "1/2-1/2"]
[ECO "A04"]
[WhiteElo "2384"]
[BlackElo "2391"]
[WhiteEngine "Houdini 6"]
[BlackEngine "Stockfish SL FA PB BMI2"]
[EventType "Swiss"]
[WhiteTeam ""]
[BlackTeam ""]
[PlyCount "158"]
[TimeControl "720+1"]

1. Nf3 e6 2. e4 d5 3. Nc3 d4 4. Ne2 c5 5. c3 Nf6 6. e5 Nfd7 7. cxd4 cxd4 
8. Nexd4 Nxe5 9. Bb5+ Nec6 10. O-O Be7 11. Nb3 O-O 12. d4 b6 13. Qe2 Bb7 
14. Rd1 Nb4 15. a3 a6 16. Bc4 Nd5 17. Bd3 Nc6 18. Be3 Bf6 19. Rac1 g6 
20. Nbd2 Bg7 21. Ne4 Nce7 22. Re1 Qb8 23. g3 Nf5 24. Bd2 Rc8 25. Bc4 b5 
26. Bb3 Rxc1 27. Rxc1 Nxd4 28. Nxd4 Bxd4 29. Nc5 Qa7 30. Bh6 Qb6 31. Nxb7 Qxb7 
32. Rd1 Bh8 33. Rd3 Rd8 34. h4 Rd7 35. h5 Qc8 36. a4 Nc7 37. Rd2 Bf6 38. Qf3 Ne8 
39. Rc2 Qd8 40. Qc6 bxa4 41. Bxa4 Rc7 42. Rd2 Rxc6 43. Rxd8 Bxd8 44. Bxc6 Nd6 
45. hxg6 hxg6 46. Bd2 f5 47. Kf1 Kf7 48. b4 Ne4 49. Be1 Nd6 50. Bd2 g5 
51. Ke2 g4 52. Be3 Kf6 53. Kd3 e5 54. Bc5 Bc7 55. Ke3 Nf7 56. Bd5 Nd6 
57. Bc6 Ke6 58. Kd3 Bb8 59. Bb6 Nc8 60. Bc5 Nd6 61. Bb6 Ke7 62. Bc5 Kf6 
63. Bb6 Ke6 64. Kc3 e4 65. Bc5 Nf7 66. Bb7 Be5+ 67. Kc2 Nd6 68. Bxa6 Kd5 
69. Be3 Ba1 70. b5 Bg7 71. Kb3 Bd4 72. Bxd4 Kxd4 73. b6 e3 74. fxe3+ Kxe3 
75. Kb4 f4 76. gxf4 Kxf4 77. Kc5 Ke5 78. Be2 Nb7+ 79. Kc6 g3 1/2-1/2